 Dungeon Crawl Stone Soup version 0.22-a0-113-gdd6f4a9 (webtiles) character file.

1722 kuniqs the Caller (level 9, -3/65 HPs)
             Began as a Gnoll Summoner on Jan 28, 2018.
             Was a Follower of Sif Muna.
             Slain by an orc warrior
             ... wielding a +0 war axe of draining
              (31 damage)
             ... on level 7 of the Dungeon.
             The game lasted 00:18:09 (7464 turns).

kuniqs the Caller (Gnoll Summoner)                  Turns: 7464, Time: 00:18:10

Health: -3/65      AC:  6    Str: 11    XL:     9   Next: 4%
Magic:  7/18       EV: 14    Int: 23    God:    Sif Muna [*.....]
Gold:   384        SH:  0    Dex: 11    Spells: 6/20 levels left

rFire    . . .     SeeInvis .   y - +3 quarterstaff (chaos)
rCold    + . .     Gourm    .   (shield currently unavailable)
rNeg     . . .     Faith    .   A - +2 robe of Virtue {rC+ rCorr Dex-5 Slay+2}
rPois    +         Spirit   .   (no helmet)
rElec    .         Reflect  .   z - +1 cloak {rPois}
rCorr    +         Harm     .   (no gloves)
MR       .....                  (no boots)
Stlth    +++.......             (no amulet)
HPRegen  0.20/turn              h - ring of wizardry
MPRegen  0.16/turn              n - +3 ring of intelligence

@: drained
A: distributed training, fangs 1, strong nose
a: Divine Energy, Renounce Religion


You were on level 7 of the Dungeon.
You worshipped Sif Muna.
Sif Muna was aware of your devotion.
You were very hungry.

You visited 2 branches of the dungeon, and saw 8 of its levels.
You also visited: Sewer.

You collected 384 gold pieces.

Inventory:

Hand Weapons
 y - a +3 quarterstaff of chaos (weapon)
Armour
 z - a +1 cloak of poison resistance (worn)
 A - the +2 robe of Virtue (worn) {rC+ rCorr Dex-5 Slay+2}
   (You found it on level 5 of the Dungeon)

   It affects your dexterity (-5).
   It affects your accuracy and damage with ranged weapons and melee attacks
   (+2).
   It protects you from cold.
   It protects you from acid and corrosion.
 D - a +0 troll leather armour {Purgy}
Jewellery
 f - an uncursed ring of protection from magic
 h - a ring of wizardry (left hand)
 n - a +3 ring of intelligence (right hand)
Wands
 g - a wand of flame (12)
 w - a wand of acid (7)
 B - a wand of enslavement (14)
 F - a wand of paralysis (6)
Scrolls
 d - 6 scrolls of identify {@r1}
 e - 5 scrolls of remove curse {@r2}
 j - 4 scrolls of fear {unknown}
 l - 3 scrolls of enchant weapon {unknown}
 m - 3 scrolls of magic mapping {unknown}
 r - 2 scrolls of amnesia {unknown}
 u - 6 scrolls of teleportation {unknown}
 x - 2 scrolls of noise {unknown}
 C - a scroll of blinking {unknown}
Potions
 a - a potion of invisibility {unknown}
 i - a potion of magic
 k - a potion of heal wounds {unknown}
 o - 2 potions of curing {@q1}
 p - 2 potions of lignification
 q - a potion of flight {unknown}
 s - 4 potions of haste
 t - a potion of degeneration {unknown}
 v - 2 potions of might {unknown}
 E - a potion of brilliance {unknown}
Books
 b - a book of Callings

   Spells                             Type                      Level
   a - Summon Small Mammal            Summoning                    1
   b - Call Imp                       Summoning                    2
   c - Call Canine Familiar           Summoning                    3
   d - Summon Guardian Golem          Hexes/Summoning              3
   e - Summon Lightning Spire         Summoning/Air                4
   f - Summon Ice Beast               Ice/Summoning                4
Comestibles
 c - 10 rations


   Skills:
 + Level 3.7(3.1) Fighting
 + Level 3.7(3.1) Short Blades
 + Level 3.7(3.1) Long Blades
 + Level 3.7(3.1) Axes
 + Level 3.7(3.1) Maces & Flails
 + Level 3.7(3.1) Polearms
 + Level 3.7(3.1) Staves
 + Level 3.7(3.1) Slings
 + Level 3.7(3.1) Bows
 + Level 3.7(3.1) Crossbows
 + Level 3.7(3.1) Throwing
 + Level 3.7(3.1) Armour
 + Level 6.0(5.4) Dodging
 + Level 5.7(5.1) Stealth
 + Level 3.7(3.1) Shields
 + Level 3.7(3.1) Unarmed Combat
 + Level 6.3(5.7) Spellcasting
 + Level 3.1(2.5) Conjurations
 + Level 3.1(2.5) Hexes
 + Level 3.1(2.5) Charms
 + Level 7.8(7.2) Summonings
 + Level 3.1(2.5) Necromancy
 + Level 3.1(2.5) Translocations
 + Level 3.1(2.5) Transmutations
 + Level 3.1(2.5) Fire Magic
 + Level 3.1(2.5) Ice Magic
 + Level 3.1(2.5) Air Magic
 + Level 3.1(2.5) Earth Magic
 + Level 3.1(2.5) Poison Magic
 + Level 4.1(3.5) Invocations
 + Level 3.7(3.1) Evocations


You had 6 spell levels left.
You knew the following spells:

 Your Spells              Type           Power        Failure   Level  Hunger
a - Summon Small Mammal   Summ           ####         1%          1    None
b - Call Imp              Summ           #####...     1%          2    None
c - Call Canine Familiar  Summ           #####...     1%          3    #......
d - Summon Ice Beast      Ice/Summ       ####....     4%          4    ###....
e - Summon Lightning Spi  Summ/Air       ####....     4%          4    ###....


Dungeon Overview and Level Annotations

Branches:
Dungeon (7/15)             Temple (1/1) D:4

Altars:
Ashenzari
Cheibriados
Dithmenos
Elyvilon
Fedhas
Gozag
Hepliaklqana
Kikubaaqudgha
Makhleb
Nemelex Xobeh
Okawaru
Qazlal
Ru
Sif Muna
Trog
Uskayaw
Vehumet
Xom
Zin

Shops:
D:7 %

Annotations:
D:6 2 transporters


Innate Abilities, Weirdness & Mutations

Your experience applies equally to all skills.
You have very sharp teeth.
Your uncanny sense of smell can sniff out nearby items.


Message History

You thump the orc warrior!
The orc warrior goes berserk!
You bite the orc warrior, but do no damage.
The orc hits your lightning spire but does no damage.
The orc warrior closely misses you.
The orc warrior hits your lightning spire with a war axe of draining!
You hit the orc. You freeze the orc.
You kill the orc!
Sif Muna accepts your kill.
The orc warrior hits you with a war axe of draining!!
You feel drained.
The orc warrior hits your lightning spire with a war axe of draining!!
Your lightning spire is destroyed!
Okay, then.
A chill wind blows around you. The orc warrior closely misses you.
The orc warrior closely misses your ice beast.
Unknown command.
A chill wind blows around you.
You are feeling very hungry.
The orc warrior hits you with a war axe of draining!!
You die...

#.### ∆ #...... #.# ∆ ∆
...#.....#....$#.##### #.#
#..#..#..#..#..#.# #.###
#..#..#..#..#..#.##### ....#
#.....#.Z...#..#...... ..###
#...!.#hZ... ..#.....#
.#######################..#####.#
................Yo).......# #.#
..............Y.@o5.....[.# #.#
.#######################..# #.#
.#### .....#.....#.....#..# #.#
.##.#......#....F#..!..#..# ###.#
....#'###..#..#..#..#..#..###....
.##.#∆∆∆#..#..#..#..#Z.#..#...#.#
##### ∆ #.....#.....#...Z.#####.#
∆∆∆#J... #.... #....g# #..
################## ##### #.#


You could see an orc warrior (berserk), a bullfrog, a shadow imp, an orc, a
worker ant zombie, a jackal, a bullfrog skeleton and 2 friendly ice beasts.

Vanquished Creatures
  An ice beast (D:7)
  A scorpion (D:6)
  A crimson imp (D:5)
  3 iron imps (D:6)
  A jelly (D:6)
  An orc priest (D:7)
  2 bullfrog skeletons
  2 worker ants
  A hound zombie (D:6)
  A howler monkey zombie (D:5)
  2 gnolls (D:6)
  7 adders
  3 shadow imps
  2 adder skeletons
  A dart slug (D:4)
  3 leopard geckos
  5 orcs
  A ball python (D:5)
  3 giant cockroaches
  4 goblins
  9 hobgoblins
  A jackal (D:7)
  2 kobolds
  2 quokkas
  6 bats
  11 frilled lizards
  A leopard gecko skeleton (D:4)
  7 rats
84 creatures vanquished.

Vanquished Creatures (collateral kills)
  The ghost of Tovarisch the Purveyor of Pain, a novice DENe of Kikubaaqudgha (D:6)
  3 hungry ghosts (D:7)
  2 ice beasts
  Purgy (Sewer)
  A phantom (D:6)
  4 ogres
  A centaur (D:5)
  A scorpion (D:5)
  3 wights (D:7)
  A hound (D:5)
  A gnoll shaman (D:6)
  2 orc wizards (D:7)
  2 orc priests (D:7)
  A bullfrog skeleton (D:4)
  2 jellies
  Crazy Yiuf (D:5)
  3 iguanas
  10 gnolls
  3 adders (D:2)
  A dart slug (D:2)
  A leopard gecko (D:2)
  6 orcs
  4 giant cockroaches
  2 goblins
  2 hobgoblins (D:1)
  5 jackals
  4 kobolds
  3 quokkas
  A ball python (D:1)
  2 bats (D:1)
  A frilled lizard (D:2)
  2 rats (D:1)
77 creatures vanquished.

Vanquished Creatures (others)
  A water moccasin skeleton (D:7)
1 creature vanquished.

Grand Total: 162 creatures vanquished

Notes
Turn   | Place    | Note
-------+----------+-------------------------------------------
     0 | D:1      | kuniqs the Gnoll Summoner began the quest for the Orb.
     0 | D:1      | Reached XP level 1. HP: 13/13 MP: 6/6
   112 | D:1      | Reached XP level 2. HP: 18/19 MP: 7/7
   139 | D:1      | Learned a level 2 spell: Call Imp
   794 | D:1      | Reached XP level 3. HP: 25/25 MP: 6/9
   960 | D:1      | Learned a level 3 spell: Call Canine Familiar
  1165 | D:2      | Reached skill level 5 in Spellcasting
  1291 | D:2      | Reached skill level 1 in Invocations
  1501 | D:2      | Reached skill level 1 in Fighting
  1501 | D:2      | Reached skill level 1 in Short Blades
  1501 | D:2      | Reached skill level 1 in Long Blades
  1501 | D:2      | Reached skill level 1 in Axes
  1501 | D:2      | Reached skill level 1 in Maces & Flails
  1501 | D:2      | Reached skill level 1 in Polearms
  1501 | D:2      | Reached skill level 1 in Staves
  1501 | D:2      | Reached skill level 1 in Slings
  1501 | D:2      | Reached skill level 1 in Bows
  1501 | D:2      | Reached skill level 1 in Crossbows
  1501 | D:2      | Reached skill level 1 in Throwing
  1501 | D:2      | Reached skill level 1 in Armour
  1501 | D:2      | Reached skill level 1 in Shields
  1501 | D:2      | Reached skill level 1 in Unarmed Combat
  1501 | D:2      | Reached skill level 1 in Evocations
  1501 | D:2      | Reached XP level 4. HP: 32/32 MP: 11/11
  1634 | D:2      | Learned a level 4 spell: Summon Ice Beast
  2954 | D:4      | Noticed an ogre
  2958 | D:4      | Noticed an ogre
  2963 | D:4      | Found an opulent altar of Gozag.
  2973 | D:4      | Reached skill level 1 in Conjurations
  2973 | D:4      | Reached skill level 1 in Hexes
  2973 | D:4      | Reached skill level 1 in Charms
  2973 | D:4      | Reached skill level 1 in Necromancy
  2973 | D:4      | Reached skill level 1 in Translocations
  2973 | D:4      | Reached skill level 1 in Transmutations
  2973 | D:4      | Reached skill level 1 in Fire Magic
  2973 | D:4      | Reached skill level 1 in Ice Magic
  2973 | D:4      | Reached skill level 1 in Air Magic
  2973 | D:4      | Reached skill level 1 in Earth Magic
  2973 | D:4      | Reached skill level 1 in Poison Magic
  2974 | D:4      | Killed an ogre
  2974 | D:4      | Reached XP level 5. HP: 30/37 MP: 0/12
  3205 | D:4      | Learned a level 4 spell: Summon Lightning Spire
  3766 | D:4      | Killed an ogre
  3766 | D:4      | Reached XP level 6. HP: 44/44 MP: 4/13
  3842 | D:4      | Found a staircase to the Ecumenical Temple.
  3848 | Temple   | Entered the Ecumenical Temple
  3890 | Temple   | Became a worshipper of Sif Muna the Loreminder
  3953 | D:5      | Entered Level 5 of the Dungeon
  4130 | D:5      | Found a runed door.
  4135 | D:5      | Noticed Crazy Yiuf
  4139 | D:5      | Killed Crazy Yiuf
  4278 | D:5      | Reached skill level 5 in Dodging
  4290 | D:5      | Found a shattered altar of Ashenzari.
  4426 | D:5      | Reached XP level 7. HP: 7/50 MP: 11/15
  4794 | D:5      | Got a bloodstained robe
  4795 | D:5      | Identified the +2 robe of Virtue {rC+ rCorr Dex-5 Slay+2} (You found it on level 5 of the Dungeon)
  5117 | D:6      | Noticed a fire bat
  5117 | D:6      | Found a transporter.
  5119 | D:6      | Noticed a fire bat
  5296 | D:6      | Found a transporter.
  5332 | D:6      | Noticed Tovarisch's ghost (novice DENe)
  5353 | D:6      | Killed Tovarisch's ghost
  5353 | D:6      | Reached skill level 5 in Stealth
  5496 | D:6      | Reached XP level 8. HP: 19/57 MP: 3/16
  5587 | D:6      | Found a glowing drain.
  5596 | Sewer    | Entered a sewer
  5788 | Sewer    | Noticed Purgy
  5813 | Sewer    | Killed Purgy
  5868 | D:6      | Reached * piety under Sif Muna
  6061 | D:6      | Found a burning altar of Makhleb.
  6684 | D:7      | Found a radiant altar of Vehumet.
  6989 | D:7      | Found Haomu's Food Shoppe.
  7137 | D:7      | Found a radiant altar of Vehumet.
  7138 | D:7      | Found a stormy altar of Qazlal.
  7145 | D:7      | Found a glowing silver altar of Zin.
  7146 | D:7      | Found a shadowy altar of Dithmenos.
  7256 | D:7      | Reached XP level 9. HP: 65/65 MP: 14/18
  7464 | D:7      | Slain by an orc warrior

Vault maps used:
D:1:      tarquinn_simple_flora_water_f, serial_forest,
          infiniplex_forest_clump_large, infiniplex_forest_clump_medium,
          infiniplex_forest_clump_diagonal, infiniplex_forest_end_1,
          infiniplex_forest_straight_3, infiniplex_forest_corner_2,
          infiniplex_forest_clump_long
D:2:      minivault_23
D:3:      first_ration, minmay_misc_feat_chi, feat_on_display
D:4:      temple_green, minmay_strange_pillars, moated_statue,
          grunt_gozag_statues
D:5:      kennysheep_mini, kennysheep_generic_room_15, uniq_crazy_yiuf_cottage
D:6:      gammafunk_cloud_chamber, demons_altar, portal_sewer_entry_d,
          minivault_23
D:7:      kennysheep_windowed_halls, minitemple, basic_altar, serial_shops,
          nicolae_shop_stone
Temple:   nicolae_temple_god_jail
Sewer:    sewer_co_purgy_island

Skill      XL: |  1  2  3  4  5  6  7  8 |
---------------+-------------------------+-----
Spellcasting   | 5 6 |  6.3
Invocations    | 1 2 3 4 |  4.1
Fighting       | 1 2 3 |  3.7
Short Blades   | 1 2 3 |  3.7
Long Blades    | 1 2 3 |  3.7
Axes           | 1 2 3 |  3.7
Maces & Flails | 1 2 3 |  3.7
Polearms       | 1 2 3 |  3.7
Staves         | 1 2 3 |  3.7
Slings         | 1 2 3 |  3.7
Bows           | 1 2 3 |  3.7
Crossbows      | 1 2 3 |  3.7
Throwing       | 1 2 3 |  3.7
Armour         | 1 2 3 |  3.7
Shields        | 1 2 3 |  3.7
Unarmed Combat | 1 2 3 |  3.7
Evocations     | 1 2 3 |  3.7
Conjurations   | 1 2 3 |  3.1
Hexes          | 1 2 3 |  3.1
Charms         | 1 2 3 |  3.1
Necromancy     | 1 2 3 |  3.1
Translocations | 1 2 3 |  3.1
Transmutations | 1 2 3 |  3.1
Fire Magic     | 1 2 3 |  3.1
Ice Magic      | 1 2 3 |  3.1
Air Magic      | 1 2 3 |  3.1
Earth Magic    | 1 2 3 |  3.1
Poison Magic   | 1 2 3 |  3.1
Dodging        | 5 6 |  6.0
Stealth        | 5 |  5.7
Summonings     | |  7.8

Action                   |  1- 3 |  4- 6 |  7- 9 || total
-------------------------+-------+-------+-------++-------
Melee: Short sword       |    88 |   139 |       ||   227
       Dagger            |     6 |       |       ||     6
       Bite              |     6 |    15 |     8 ||    29
       Quarterstaff      |       |    16 |   124 ||   140
 Cast: Summon Small Mamm |     2 |       |       ||     2
       Call Imp          |     5 |       |       ||     5
       Call Canine Famil |     6 |     5 |     3 ||    14
       Summon Ice Beast  |       |    13 |    27 ||    40
       Summon Lightning  |       |       |     6 ||     6
  Use: Scroll            |       |     3 |     1 ||     4
       Potion            |       |     2 |     1 ||     3
 Stab: Sleeping          |     5 |     7 |       ||    12
  Eat: Chunk             |     2 |    11 |    11 ||    24
       Ration            |       |       |     1 ||     1
Armor: Robe              |    24 |     7 |    29 ||    60
       Ring mail         |       |    17 |     2 ||    19
       Skin              |       |    10 |     3 ||    13
Dodge: Dodged            |    76 |   112 |    89 ||   277

Table legend:
 A = Spawn XP
 B = Non-spawn XP
 C = Spawn XP percentage of total XP
 D = Spawn monster count
 E = Non-spawn monster count
 F = Spawn count percentage of total count
 G = Total turns spent on level
                    A         B        C        D         E        F      G
               +---------+---------+-------+---------+---------+-------+---------
         Total |       0 |    2460 |   0.0 |       0 |     162 |   0.0 |  7464
               +---------+---------+-------+---------+---------+-------+---------
           D:1 |       0 |      36 |   0.0 |       0 |      25 |   0.0 |  1141
           D:2 |       0 |      56 |   0.0 |       0 |      22 |   0.0 |   935
           D:3 |       0 |      36 |   0.0 |       0 |      14 |   0.0 |   878
           D:4 |       0 |     232 |   0.0 |       0 |      11 |   0.0 |   943
           D:5 |       0 |     395 |   0.0 |       0 |      18 |   0.0 |  1108
           D:6 |       0 |     830 |   0.0 |       0 |      30 |   0.0 |  1119
           D:7 |       0 |     803 |   0.0 |       0 |      34 |   0.0 |  1051
         Sewer |       0 |      72 |   0.0 |       0 |       8 |   0.0 |   233
               +---------+---------+-------+---------+---------+-------+---------
